 Dungeon Crawl Stone Soup version 0.18-a0-952-g309898a (webtiles) character file.

349 deanyohobro the Skirmisher (level 6, -8/44 HPs)
             Began as a Gargoyle Gladiator on Dec 30, 2015.
             Mangled by an ogre
             ... wielding a +0 giant spiked club
              (23 damage)
             ... on level 4 of the Dungeon.
             The game lasted 00:05:59 (2940 turns).

deanyohobro the Skirmisher (Gargoyle Gladiator)     Turns: 2940, Time: 00:06:00

Health: -8/44      AC: 12    Str: 24    XL:     6   Next: 60%
Magic:  0/6        EV: 11    Int:  8    God:
Gold:   154        SH:  0    Dex: 10    Spells: 0 memorised, 5 levels left

rFire  . . .     SeeInvis .     a - +0 flail
rCold  + . .     Gourm    .     n - +2 ring mail {rC+}
rNeg   + . .     Faith    .     (no shield)
rPois  ∞         Spirit   +     c - +0 helmet
rElec  +         Dismiss  .     (no cloak)
rCorr  .         Reflect  .     (no gloves)
SustAt .         Harm     .     (no boots)
MR     .....                    t - amulet of guardian spirit
Stlth  ..........               (no ring)
                                j - +3 ring of strength

@: not resistant to hostile enchantments, extremely unstealthy
A: negative energy resistance 1, electricity resistance, unbreathing,
petrification resistance, rot immunity, AC +4
a: no special abilities


You were on level 4 of the Dungeon.
You were not hungry.

You visited 1 branch of the dungeon, and saw 4 of its levels.

You collected 154 gold pieces.

Inventory:

Hand Weapons
 a - a +0 flail (weapon)
Missiles
 d - 3 throwing nets (quivered)
Armour
 c - a +0 helmet (worn)
 n - a +2 ring mail of cold resistance (worn)
Jewellery
 j - a +3 ring of strength (left hand)
 o - an uncursed ring of ice
 t - an amulet of guardian spirit (around neck)
 v - a +2 ring of protection {unknown}
Wands
 u - a wand of digging (15/24)
Scrolls
 g - a scroll of enchant weapon {unknown}
 h - a scroll of amnesia {unknown}
 i - a scroll of remove curse
 k - 2 scrolls of identify {unknown}
 r - a scroll of magic mapping {unknown}
Potions
 b - 3 potions of flight
 e - a potion of might {unknown}
 l - a potion of cancellation {unknown}
 p - a potion of magic {unknown}
Comestibles
 f - a bread ration
 m - 2 meat rations
 s - a beef jerky


   Skills:
 * Level 7.3 Fighting
 - Level 3.0 Maces & Flails
 - Level 1.7 Throwing
 - Level 0.7 Armour
 - Level 2.4 Dodging


You had 5 spell levels left.
You didn't know any spells.

Dungeon Overview and Level Annotations

Branches:
Dungeon (4/15)
 Temple: D:4-7

Altars:


Innate Abilities, Weirdness & Mutations

You are resistant to torment.
Your stone body is resilient (AC +4).
You are immune to poison.
You resist negative energy.
You are resistant to electric shocks.
You can survive without breathing.
You are immune to petrification.
You are immune to rotting.


Message History

You hit the ogre.
The ogre is lightly wounded.
The ogre misses you.
An ogre is nearby!
You hit the ogre but do no damage.
The ogre is lightly wounded.
The ogre barely misses you.
You hit the ogre but do no damage.
The ogre is lightly wounded.
The ogre hits you with a giant spiked club!!
You hit the ogre but do no damage.
The ogre is lightly wounded.
The ogre hits you with a giant spiked club!
You hit the ogre.
The ogre is moderately wounded.
You sock the ogre!
The ogre is heavily wounded.
The ogre hits you with a giant spiked club!!
Ouch! That really hurt!
You die...

#.......# #.......# #.
####....(..# #.
...........# #.#######
.......##### #.......#
.......# #.......#
##.....#######.......#
#####.......#..O....+
#.)......##.@....###
#####..####..###........
.......# #..# #.#######
.....#.# #..# #.#
.....#.# #..#
#.#######.# .......#
#..# #.#.†.....#
.....###
#..###.#.####### #....#
#............... #....#
#.####.#.#########


You could see an ogre.

Vanquished Creatures
  An ogre (D:4)
  3 orc wizards (D:3)
  3 worker ants (D:4)
  3 adders
  An ooze (D:3)
  3 worms
  3 giant geckos
  7 orcs (D:3)
  8 bats
  7 giant cockroaches
  7 goblins
  9 hobgoblins
  5 jackals
  4 giant newts
  A jackal skeleton (D:4)
  5 kobolds
  4 rats
74 creatures vanquished.

Notes
Turn   | Place    | Note
--------------------------------------------------------------
     0 | D:1      | deanyohobro the Gargoyle Gladiator began the quest for the Orb.
     0 | D:1      | Reached XP level 1. HP: 12/12 MP: 1/1
   164 | D:1      | Reached XP level 2. HP: 18/18 MP: 2/2
   941 | D:2      | Reached XP level 3. HP: 23/23 MP: 3/3
  1133 | D:2      | Reached skill level 4 in Fighting
  1818 | D:3      | Reached XP level 4. HP: 30/30 MP: 4/4
  1859 | D:3      | Reached skill level 5 in Fighting
  1882 | D:3      | Reached XP level 5. HP: 24/35 MP: 5/5
  2176 | D:3      | Reached skill level 6 in Fighting
  2480 | D:4      | Reached XP level 6. HP: 13/42 MP: 6/6
  2772 | D:4      | Reached skill level 7 in Fighting
  2940 | D:4      | Mangled by an ogre

Vault maps used:
D:1:      dpeg_arrival_lava_temple_mockup
D:4:      temple_statues

Action                   |  1- 3 |  4- 6 || total
-------------------------+-------+-------++-------
Melee: Flail             |   137 |   153 ||   290
  Use: Potion            |       |     2 ||     2
       Scroll            |       |     1 ||     1
  Eat: Chunk             |     3 |     4 ||     7
